Cogmind - Beta 17 @@@ ROGUE MODE // 2026.08.05 @ 11:57:11 Player: Retknock Result: Destroyed by B-75 Beast with Magnetic Acceleration Cannon Performance ------------- Evolutions (5) 2500 Regions Visited (9) 1800 Robots Destroyed (42) 210 Value Destroyed (1340) 1340 Prototype IDs (3) 60 Alien Tech Used (0) 0 Bonus (53) 53 TOTAL SCORE: 5963 Bonus ------- Follower Combat Kills 62 Friendly Fire -9 Cogmind --------- Core Integrity 0/1000 Matter 28/300 Energy 99/100 System Corruption 4% Temperature Cool (0) Movement Core (50) Location -5/Extension Parts ------- > --- POWER (2) -------- (None) > --- PROPULSION (6) --- (None) > --- UTILITY (6) ------ Advanced Signal Interpreter Advanced Terrain Scan Processor > --- WEAPON (3) ------- (None) > --- INVENTORY (5) ---- Micro Fission Core Micro Fission Core Backup Propulsion I Hardlight Generator Peak State ------------ > --- POWER ------------ Micro Fission Core > --- PROPULSION ------- Nuclear Pulse Array Nuclear Pulse Array Nuclear Pulse Array > --- UTILITY ---------- Advanced Heat Sink Advanced Weight Redist. System Advanced Signal Interpreter Focal Shield Thermal Shield > --- WEAPON ----------- Axe > --- INVENTORY -------- Micro Fission Core Micro Fission Core [Rating: 69] Favorites ----------- Power Ion Engine Engine Ion Engine Power Core Light Nuclear Core Propulsion Light Treads Treads Light Treads Leg Aluminum Leg Hover Unit Gravmag System Flight Unit Flight Unit Utility Sensor Array Device Sensor Array Storage High-capacity Storage Unit Processor Improved Targeting Computer Hackware Hacking Suite Weapon Advanced Beam Cannon Energy Gun Small Laser Energy Cannon Advanced Beam Cannon Ballistic Gun Gauss Rifle Special Weapon Remote Datajack Slashing Weapon Axe Build | -11 -10 -10 -9 -9 -8 -7 -6 -5 -5 ------- Run | Yrd Mat Min Mat Min Mat Fac Fac Fac Ext Slots Evolved 10 | . . . 2 . 2 2 2 2 . Power 1 | . . . . . 1 . . . . Propulsion 4 | . . . . . 1 1 2 . . Utility 4 | . . . 1 . . 1 . 2 . Weapon 1 | . . . 1 . . . . . . Parts Attached 101 | 6 5 9 11 . 24 17 11 15 3 Power 10 | 1 . 1 . . 6 1 . 1 . Engine 6 | 1 . 1 . . 4 . . . . Core 4 | . . . . . 2 1 . 1 . Reactor . | . . . . . . . . . . Propulsion 38 | 2 . 3 5 . 6 8 4 8 2 Treads 6 | 2 . . 2 . 2 . . . . Leg 8 | . . 3 2 . 2 . . . 1 Wheel . | . . . . . . . . . . Hover 8 | . . . . . . 3 . 4 1 Flight 16 | . . . 1 . 2 5 4 4 . Utility 27 | 1 4 2 1 . 6 2 4 6 1 Device 16 | . 1 1 1 . 4 . 3 6 . Storage 6 | 1 3 1 . . 1 . . . . Processor 4 | . . . . . . 2 1 . 1 Hackware 1 | . . . . . 1 . . . . Protection . | . . . . . . . . . . Artifact . | . . . . . . . . . . Weapon 26 | 2 1 3 5 . 6 6 3 . . Energy Gun 12 | 2 . 2 3 . . 3 2 . . Energy Cannon 7 | . 1 1 1 . 4 . . . . Ballistic Gun 5 | . . . 1 . 2 2 . . . Ballistic Cannon . | . . . . . . . . . . Launcher . | . . . . . . . . . . Special Weapon 1 | . . . . . . 1 . . . Impact Weapon . | . . . . . . . . . . Slashing Weapon 1 | . . . . . . . 1 . . Piercing Weapon . | . . . . . . . . . . Special Melee Weapon . | . . . . . . . . . . Unidentified Prototypes 3 | . . . 2 . . . . 1 . Parts Lost 42 | . . 6 2 . 6 8 5 11 4 Power 4 | . . 1 . . 2 . . 1 . Propulsion 22 | . . 1 1 . 4 3 5 4 4 Utility 8 | . . 1 . . . 2 . 5 . Weapon 8 | . . 3 1 . . 3 . 1 . Highest Loss Streak 7 | . . 3 1 . 3 7 4 7 3 To Critical Strikes . | . . . . . . . . . . Average Backups 8 | 2 3 6 10 19 16 3 . 3 4 Power . | . . . . 1 1 . . 1 2 Propulsion 3 | 1 2 2 4 4 3 3 . . 1 Utility 3 | . . 2 4 7 6 . . . . Weapon 1 | . . . 2 6 4 . . . . Tool/Special . | . . . . . . . . . . Unused Backups 27 | 4 . . . . 15 1 . 3 4 Power 3 | 1 . . . . . . . . 2 Propulsion 5 | 2 . . . . 2 . . . 1 Utility 14 | . . . . . 9 1 . 3 1 Weapon 5 | 1 . . . . 4 . . . . Tool/Special . | . . . . . . . . . . Average Slot Usage (%) 85 | . 86 95 97 100 96 84 68 37 32 Engine 7 | . 12 13 11 11 8 . . . . Core 3 | . . . . . 7 7 6 3 . Treads 9 | . 26 12 6 22 15 . . . . Leg 6 | . . 14 14 . 7 . . . 2 Flight 5 | . . . . . 3 25 18 7 5 Device 16 | . 6 12 21 22 18 12 13 14 5 Storage 7 | . 14 14 11 11 8 . . . . Processor 2 | . . . . . . 7 9 5 10 Hackware 1 | . . . . . . 7 2 . . Energy Gun 14 | . 23 13 30 22 5 6 8 . . Energy Cannon 4 | . 1 12 . 11 10 . . . . Ballistic Gun 2 | . . . . . 8 5 . . . Peak Build Rating 69 | 6 7 8 17 17 27 33 40 69 35 Average Rating 18 | 5 6 6 12 17 23 27 31 39 29 On Entrance 16 | . 6 7 7 17 17 16 29 36 25 Avg Prop Armor Cover (%) 15 | 22 22 . . . 5 6 10 18 23 Naked Turns . | . . . . . . . . . . Heaviest Build 66 | 14 21 51 57 57 66 19 20 15 4 Greatest Support 60 | 3 40 40 40 40 60 27 34 48 23 Greatest Overweight (x) 13 | 4 6 2 13 1 5 6 1 1 1 Average Overweight (x) . | 2 1 . 1 1 . . . . . Largest Inventory Capacity 20 | 8 15 20 20 20 20 5 5 5 5 Average Capacity 13 | 7 9 13 20 20 18 5 5 5 5 Most Carried 20 | 6 8 10 19 20 20 5 5 5 5 Average Carried 9 | 2 3 6 10 19 16 3 . 3 4 Final Capacity 20 | 8 8 20 20 20 5 5 5 5 5 Final Carried 20 | 2 4 6 19 20 5 1 5 5 4 Class Distribution -------------------- 45% | Scavenger-Skirmisher 39% | Mutant 8% | Scavenger-Sprinter 5% | Scavenger-Mutant Dominant Class ---------------- Mutant | -10/Materials Mutant | -10/Mines Scavenger-Skirmisher | -9/Materials Scavenger-Skirmisher | -9/Mines Scavenger-Skirmisher | -8/Materials Scavenger-Sprinter | -7/Factory Mutant | -6/Factory Mutant | -5/Factory Mutant | -5/Extension Resources | -11 -10 -10 -9 -9 -8 -7 -6 -5 -5 ----------- Run | Yrd Mat Min Mat Min Mat Fac Fac Fac Ext Matter Collected 1299 | 221 . 221 115 31 502 124 53 32 . Remotely . | . . . . . . . . . . Salvage Created 1460 | . . 209 190 . 873 103 53 32 . Parts 85 | . . 11 14 . 49 6 3 2 . Haulers Intercepted 1 | . . . . . 1 . . . . Recyclers Shooed 1 | . . . . . . 1 . . . Parts Field Recycled . | . . . . . . . . . . Retrieved Matter . | . . . . . . . . . . Parts Self-Destructed . | . . . . . . . . . . Prevented . | . . . . . . . . . . Parts Restored . | . . . . . . . . . . Kills | -11 -10 -10 -9 -9 -8 -7 -6 -5 -5 ------- Run | Yrd Mat Min Mat Min Mat Fac Fac Fac Ext Combat Hostiles Destroyed 38 | . . 7 6 . 22 2 1 . . Melee 1 | . . . . . . . 1 . . Guns 19 | . . 2 6 . 9 2 . . . Cannons 16 | . . 5 . . 11 . . . . AOE 2 | . . . . . 2 . . . . Classes Destroyed 10 | . . 2 3 . 5 . . . . Hauler 1 | . . . . . 1 . . . . Watcher 6 | . . . 1 . 2 2 . 1 . Swarmer 12 | . . . 3 . 7 2 . . . Grunt 14 | . . 4 2 . 8 . . . . Brawler 2 | . . . . . 2 . . . . Duelist 1 | . . . . . 1 . . . . Protector 1 | . . . . . 1 . . . . Sentry 3 | . . . 1 . 2 . . . . Hunter 2 | . . . . . 1 . 1 . . Assembled 3 | . . 3 . . . . . . . Best Kill Streak 4 | . . 2 2 . 4 2 1 1 . Combat Bots Only 4 | . . 2 2 . 4 2 1 . . Max Kills in Single Turn 3 | . . 1 1 . 3 1 1 1 . Gunslinging . | . . . . . . . . . . Exploded 2 | . . . . . 2 . . . . Melee 1 | . . . . . . . 1 . . Uniques/NPCs Destroyed . | . . . . . . . . . . Combat | -11 -10 -10 -9 -9 -8 -7 -6 -5 -5 -------- Run | Yrd Mat Min Mat Min Mat Fac Fac Fac Ext Hostile Shots Fired 497 | . . 68 21 . 95 95 45 130 43 Missed 177 | . . 16 4 . 18 45 17 58 19 Hits 320 | . . 52 17 . 77 50 28 72 24 Melee 14 | . . 7 . . 3 . . 4 . Projectile 306 | . . 45 17 . 74 50 28 68 24 AOE 1 | . . . . . . . . 1 . Critical Strikes 11 | . . 1 1 . 4 . . 3 2 Damage Taken 5138 | . . 825 190 . 1171 565 371 1402 614 Core 1626 | . . 160 55 . 182 21 182 724 302 Absorbed by Shields . | . . . . . . . . . . Ignored by Resistances 235 | . . . . . . . 76 159 . Regen/Repaired (Parts) 342 | . . . . . 334 8 . . . Core Remaining (%) 77 | 100 . 36 . 86 66 97 78 . . Volleys Fired 93 | . . 23 8 . 42 15 5 . . Largest 3 | . . 2 3 . 3 2 2 . . Hottest 189 | . . 120 189 . 189 83 140 . . Shots Fired 225 | . . 45 22 . 122 29 7 . . Gun 148 | . . 22 21 . 70 28 7 . . Cannon 76 | . . 23 1 . 52 . . . . Launcher . | . . . . . . . . . . Special 1 | . . . . . . 1 . . . Kinetic 58 | . . . . . 44 14 . . . Thermal 150 | . . 45 22 . 78 . 5 . . Explosive . | . . . . . . . . . . Electromagnetic 16 | . . . . . . 14 2 . . Robot Hit Streak 11 | . . 7 11 . 8 8 6 . . Robot Miss Streak 12 | . . 3 2 . 6 12 3 . . Penetration Max . | . . . . . . . . . . Secondary Targets 1 | . . . . . . 1 . . . Max Gunslinging Chain 1 | . . . . . . 1 . . . Shots Hit Robots 142 | . . 27 15 . 73 19 5 3 . Core Hits 104 | . . 10 11 . 61 16 3 3 . Critical Kills . | . . . . . . . . . . Critical Parts Destroyed . | . . . . . . . . . . Critical Strikes 2 | . . 2 . . . . . . . Burn 2 | . . 2 . . . . . . . Melee Attacks 5 | . . . . . . . 1 4 . Impact . | . . . . . . . . . . Slashing 5 | . . . . . . . 1 4 . Piercing . | . . . . . . . . . . Sneak Attacks 1 | . . . . . . . . 1 . Combat Hostiles . | . . . . . . . . . . Follow-up Attacks . | . . . . . . . . . . Damage Inflicted 2745 | . . 400 210 . 1484 370 160 121 . Guns 1466 | . . 171 210 . 601 370 114 . . Cannons 817 | . . 213 . . 604 . . . . Explosions 279 | . . . . . 279 . . . . Melee 164 | . . . . . . . 46 118 . Ramming 19 | . . 16 . . . . . 3 . Kinetic 492 | . . . . . 293 199 . . . Thermal 1876 | . . 384 210 . 1191 . 91 . . Explosive . | . . . . . . . . . . Electromagnetic 194 | . . . . . . 171 23 . . Impact . | . . . . . . . . . . Slashing 164 | . . . . . . . 46 118 . Piercing . | . . . . . . . . . . Highest Corruption 5 | . . 5 . . . . 1 4 4 Average Corruption 3 | . . 5 . . . . 1 2 4 Corruption Purged . | . . . . . . . . . . Corruption Blocked . | . . . . . . . . . . Effects 17 | . . 5 . . . . 3 4 5 Message Errors 3 | . . 2 . . . . . 1 . Matter Fused 6 | . . . . . . . 2 1 3 Heat Flow Errors 1 | . . . . . . . . . 1 Energy Discharges 1 | . . . . . . . . 1 . Data Loss (minor) 4 | . . 2 . . . . 1 . 1 Data Loss (major) 1 | . . . . . . . . 1 . Weapon Failures 1 | . . 1 . . . . . . . Overload Shots . | . . . . . . . . . . Overflow Damage 125 | . . . . . 109 . . 16 . Projectiles 1 | . . . . . 1 . . . . Explosions 108 | . . . . . 108 . . . . Melee 16 | . . . . . . . . 16 . Knockbacks . | . . . . . . . . . . Impact . | . . . . . . . . . . Kinetic . | . . . . . . . . . . Secondary . | . . . . . . . . . . Self-Inflicted Damage 189 | . . . . . 188 . . 1 . Shots 2 | . . . . . 2 . . . . Rammed 3 | . . . . . . . . 3 . Targets Rammed 5 | . . 2 . . . . . 3 . Kicked 2 | . . 2 . . . . . . . Crushed . | . . . . . . . . . . Highest Temperature 334 | . . 144 90 . 334 59 72 4 253 Average Temperature 73 | . . 53 35 . 96 26 42 4 139 Received Heat Transfer 1074 | . . 231 66 . 261 102 54 210 150 Siege Activations . | . . . . . . . . . . Martial Activations . | . . . . . . . . . . Shielding Activations . | . . . . . . . . . . Robots Disrupted . | . . . . . . . . . . Combat Hostiles . | . . . . . . . . . . Robots Corrupted . | . . . . . . . . . . Combat Hostiles . | . . . . . . . . . . Parts Fried 1 | . . . . . . 1 . . . Impact Corruptions . | . . . . . . . . . . Robots Melted . | . . . . . . . . . . Combat Hostiles . | . . . . . . . . . . Parts Melted 5 | . . 2 . . 2 . 1 . . Heat Transferred 3321 | . . 1051 442 . 1628 . 200 . . Parts Sabotaged . | . . . . . . . . . . Parts Stolen . | . . . . . . . . . . Parts Stripped . | . . . . . . . . . . Power Chain Reactions . | . . . . . . . . . . Alert | -11 -10 -10 -9 -9 -8 -7 -6 -5 -5 ------- Run | Yrd Mat Min Mat Min Mat Fac Fac Fac Ext Maximum Alert Level 1 | . . . . . 1 . . . . Low Security (%) 92 | 100 100 100 100 100 65 100 100 100 100 Level 1 7 | . . . . . 34 . . . . Level 2 . | . . . . . . . . . . Level 3 . | . . . . . . . . . . Level 4 . | . . . . . . . . . . Level 5 . | . . . . . . . . . . High Security . | . . . . . . . . . . Max Security . | . . . . . . . . . . Peak Influence 294 | . . 55 57 . 294 193 45 132 30 Initial 133 | . . . . . . 133 28 7 24 Average 49 | . . 6 8 . 154 70 16 43 4 Influence Increases 1915 | . . 110 188 . 838 307 105 322 45 Destroy 0b10 Robot/C 720 | . . 80 120 . 460 40 20 . . Destroy 0b10 Robot/NC 40 | . . . 5 . 20 10 . 5 . Destroy Leader 154 | . . . 32 . 96 14 10 2 . Allied During Kill 7 | . . . . . 7 . . . . Successful Hack 9 | . . . . . 6 3 . . . Disable Machine 90 | . . . . . 75 15 . . . Destroy Structure 40 | . . . 1 . 39 . . . . Partial Spotted 105 | . . . . . 45 45 . 15 . Lose Combat Pursuer 750 | . . 30 30 . 90 180 75 300 45 Influence Decreases 1905 | . . 110 188 . 545 542 148 287 85 Entered New Map 224 | . . . . . . 160 30 8 26 Time Decay 1384 | . . 100 188 . 465 302 88 202 39 Lost Part 277 | . . 10 . . 60 80 30 77 20 Lost Ally 20 | . . . . . 20 . . . . Squads Dispatched 17 | . . . 2 . 4 3 4 4 . Investigation 4 | . . . . . 1 1 2 . . Extermination 4 | . . . . . . 2 . 2 . Reinforcement 8 | . . . 2 . 2 . 2 2 . Assault 1 | . . . . . 1 . . . . Garrison . | . . . . . . . . . . Intercept . | . . . . . . . . . . Searches Triggered . | . . . . . . . . . . Construction Impeded . | . . . . . . . . . . Haulers Reinforced . | . . . . . . . . . . Active Scanning Responses . | . . . . . . . . . . Cargo Convoy Interrupts . | . . . . . . . . . . Stealth | -11 -10 -10 -9 -9 -8 -7 -6 -5 -5 --------- Run | Yrd Mat Min Mat Min Mat Fac Fac Fac Ext Distress Signals 6 | . . . 1 1 3 . . 1 . Communications Jammed . | . . . . . . . . . . Distress Signals . | . . . . . . . . . . Times Spotted 132 | . . 12 13 . 43 20 8 28 8 Peak Tracking Total 10 | . . 4 3 . 6 6 6 10 5 Tactical Retreats 30 | . . 4 2 . 6 3 3 10 2 Traps | -11 -10 -10 -9 -9 -8 -7 -6 -5 -5 ------- Run | Yrd Mat Min Mat Min Mat Fac Fac Fac Ext Traps Triggered 12 | . 3 . 1 . 1 2 1 3 1 Indirectly . | . . . . . . . . . . Trap Hack Attempts . | . . . . . . . . . . Triggered . | . . . . . . . . . . Disarmed . | . . . . . . . . . . Reprogrammed . | . . . . . . . . . . Reused . | . . . . . . . . . . Traps Extracted . | . . . . . . . . . . Installed . | . . . . . . . . . . Triggered . | . . . . . . . . . . Machines | -11 -10 -10 -9 -9 -8 -7 -6 -5 -5 ---------- Run | Yrd Mat Min Mat Min Mat Fac Fac Fac Ext Machines Disabled 6 | . . . . . 5 1 . . . Max in Single Turn 2 | . . . . . 2 1 . . . Machines Repaired . | . . . . . . . . . . Machines Dismantled . | . . . . . . . . . . Machines Sabotaged . | . . . . . . . . . . Overloaded Fab Kills . | . . . . . . . . . . Hacking | -11 -10 -10 -9 -9 -8 -7 -6 -5 -5 --------- Run | Yrd Mat Min Mat Min Mat Fac Fac Fac Ext Machines Accessed 9 | . 1 . . . 3 3 2 . . Terminals 2 | . . . . . 1 1 . . . Fabricators 1 | . . . . . . . 1 . . Repair Stations 3 | . . . . . 1 1 1 . . Recycling Units 2 | . 1 . . . . 1 . . . Scanalyzers 1 | . . . . . 1 . . . . Garrison Access . | . . . . . . . . . . Total Hacks 23 | . 1 . . . 8 9 5 . . Successful 21 | . 1 . . . 8 8 4 . . Failed 2 | . . . . . . 1 1 . . Catastrophic . | . . . . . . . . . . Database Lockouts . | . . . . . . . . . . Manual 1 | . . . . . . . . 1 . Terminals 2 | . . . . . 1 1 . . . Fabricators 2 | . . . . . . . 2 . . Repair Stations 10 | . . . . . 2 5 3 . . Recycling Units 4 | . 1 . . . . 3 . . . Scanalyzers 5 | . . . . . 5 . . . . Garrison Access . | . . . . . . . . . . Terminal Hacks 2 | . . . . . 1 1 . . . Record 1 | . . . . . 1 . . . . Alert Level 1 | . . . . . . 1 . . . Fabricator Hacks 2 | . . . . . . . 2 . . Load Schematic 1 | . . . . . . . 1 . . Build 1 | . . . . . . . 1 . . Repair Station Hacks 8 | . . . . . 2 4 2 . . Scan Component 5 | . . . . . 1 2 2 . . Repair 3 | . . . . . 1 2 . . . Recycling Unit Hacks 4 | . 1 . . . . 3 . . . Process 2 | . 1 . . . . 1 . . . Report Inventory 1 | . . . . . . 1 . . . Retrieve Components 1 | . . . . . . 1 . . . Scanalyzer 5 | . . . . . 5 . . . . Insert Component 2 | . . . . . 2 . . . . Analyze 1 | . . . . . 1 . . . . Retrieve Study 2 | . . . . . 2 . . . . Garrison Access Hacks . | . . . . . . . . . . Unauthorized Hacks . | . . . . . . . . . . Terminals . | . . . . . . . . . . Fabricators . | . . . . . . . . . . Repair Stations . | . . . . . . . . . . Recycling Units . | . . . . . . . . . . Scanalyzers . | . . . . . . . . . . Garrison Access . | . . . . . . . . . . Data Cores Recovered . | . . . . . . . . . . Used . | . . . . . . . . . . Hacking Detections 6 | . 1 . . . 2 . 2 1 . Full Trace Events 3 | . . . . . 1 . 2 . . Feedback Events . | . . . . . . . . . . Feedback Blocked . | . . . . . . . . . . Robot Schematics Acquired . | . . . . . . . . . . Robots Built . | . . . . . . . . . . Authchips . | . . . . . . . . . . Time . | . . . . . . . . . . Total Robot Build Rating . | . . . . . . . . . . Part Schematics Acquired 1 | . . . . . 1 . . . . Parts Built 2 | . . . . . . . 2 . . Authchips . | . . . . . . . . . . Time 51 | . . . . . . . 51 . . Total Part Build Rating 2 | . . . . . . . 2 . . Part Studies Acquired 2 | . . . . . 2 . . . . Parts Repaired 3 | . . . . . 1 2 . . . Time 96 | . . . . . 26 70 . . . Parts Recycled . | . . . . . . . . . . Recycled Matter 4 | . 4 . . . . . . . . Retrieved Matter . | . . . . . . . . . . Retrieved Components 2 | . . . . . . 2 . . . Parts Scanalyzed 1 | . . . . . 1 . . . . Part Schematics Acquired 1 | . . . . . 1 . . . . Parts Damaged . | . . . . . . . . . . Bothacking | -11 -10 -10 -9 -9 -8 -7 -6 -5 -5 ------------ Run | Yrd Mat Min Mat Min Mat Fac Fac Fac Ext Used RIF Installer . | . . . . . . . . . . Robots Hacked 1 | . . . . . . 1 . . . Non-combat 1 | . . . . . . 1 . . . Combat . | . . . . . . . . . . Robot Hacks Applied 1 | . . . . . . 1 . . . parse_system 1 | . . . . . . 1 . . . Relay Couplers Released . | . . . . . . . . . . Fabnet Peak Effective % . | . . . . . . . . . . Robots Rewired . | . . . . . . . . . . Allies Hacked . | . . . . . . . . . . Hacks Repelled . | . . . . . . . . . . Allies | -11 -10 -10 -9 -9 -8 -7 -6 -5 -5 -------- Run | Yrd Mat Min Mat Min Mat Fac Fac Fac Ext Total Allies 2 | . . . . 2 . . . . . Largest Group 2 | . . . . 2 2 . . . . Highest-Rated Group 45 | . . . . 45 45 . . . . Highest-Rated Ally 31 | . . . . 31 31 . . . . Total Orders . | . . . . . . . . . . Ally Attacks 11 | . . . . . 11 . . . . Total Damage 169 | . . . . . 169 . . . . Kills 2 | . . . . . 2 . . . . Allies Corrupted . | . . . . . . . . . . Allies Melted . | . . . . . . . . . . Intel | -11 -10 -10 -9 -9 -8 -7 -6 -5 -5 ------- Run | Yrd Mat Min Mat Min Mat Fac Fac Fac Ext Active Infowar (turns) 4348 | . 178 228 1413 368 1545 616 . . . Sensors 3942 | . . . 1413 368 1545 616 . . . Seismic 406 | . 178 228 . . . . . . . Robot Analysis Total . | . . . . . . . . . . Derelict Logs Recovered 2 | . . 2 . . . . . . . Drone Launches . | . . . . . . . . . . Drone Recoveries . | . . . . . . . . . . Exploration | -11 -10 -10 -9 -9 -8 -7 -6 -5 -5 ------------- Run | Yrd Mat Min Mat Min Mat Fac Fac Fac Ext Turns Passed 6745 | 550 356 596 1503 368 1545 766 317 488 256 Spaces Moved 5009 | 341 169 252 410 151 739 1372 541 756 278 Core 631 | 341 66 . . . . 2 . 212 10 Treads 870 | . 103 155 142 151 319 . . . . Legs 543 | . . 97 267 . 121 . . . 58 Wheels . | . . . . . . . . . . Hover 240 | . . . . . . 233 2 5 . Flight 2725 | . . . 1 . 299 1137 539 539 210 Fastest Speed 28 | 50 160 120 240 240 34 29 28 34 45 Average Speed 100 | 155 195 190 255 240 148 35 37 43 65 Slowest Speed 1080 | 250 350 260 1080 240 434 350 114 100 120 Overloaded Moves . | . . . . . . . . . . Propulsion Burnouts . | . . . . . . . . . . Robots Hopped 4 | . . . . . . 2 1 1 . Potential Cave-ins . | . . . . . . . . . . Cave-ins Triggered . | . . . . . . . . . . Exploration Rate (%) 29 | 11 21 50 29 37 51 30 14 18 36 Regions Visited 9 Branch Regions 3 Pre-discovered Areas 1 | . . 1 . . . . . . . Known Exits Taken 2 | . . . . . . . 1 1 . Unknown Exits Taken 7 | 1 1 1 1 1 1 1 . . . Scrap Searched 1 | . . . . 1 . . . . . Spaces Dug . | . . . . . . . . . . Terrain Destroyed 53 | . . . . . 53 . . . . Melee . | . . . . . . . . . . Projectile 2 | . . . . . 2 . . . . AOE 51 | . . . . . 51 . . . . Terrain Rammed . | . . . . . . . . . . Walls Destroyed . | . . . . . . . . . . Machines Disabled . | . . . . . . . . . . Actions | -11 -10 -10 -9 -9 -8 -7 -6 -5 -5 --------- Run | Yrd Mat Min Mat Min Mat Fac Fac Fac Ext Total 6536 | 366 197 319 853 158 1112 1621 648 911 351 Wait 1060 | . . 23 394 5 230 196 70 87 55 Move 4992 | 340 168 251 409 150 738 1367 538 753 278 Hop 4 | . . . . . . 2 1 1 . Pick Up 143 | 14 13 9 24 2 36 12 14 18 1 Fast Attach 16 | . . . . . 4 5 1 5 1 Attach 97 | 6 9 8 11 . 26 15 9 11 2 Detach 13 | . 1 1 2 . 8 . 1 . . Swap 8 | . 2 2 1 . 1 . 2 . . Drop 73 | 6 4 . 4 1 27 9 6 16 . Fire 93 | . . 23 8 . 42 15 5 . . Melee 5 | . . . . . . . 1 4 . Ram 3 | . . . . . . . . 3 . Kick 2 | . . 2 . . . . . . . Crush . | . . . . . . . . . . Escape Stasis 27 | . . . . . . . . 13 14 Rewire . | . . . . . . . . . . Trap . | . . . . . . . . . . Miscellaneous . | . . . . . . . . . . Route ------- -11/Scrapyard -10/Materials -10/Mines (discovered 2 exits: *Mat x2) -9/Materials -9/Mines -8/Materials -7/Factory (discovered 3 exits: *Fac x2 / [*Low]) -6/Factory -5/Factory -5/Extension History --------- Turn | Location | Event 20 | -11/Scrapyard | Discovered new exit (range 16) 551 | -11/Scrapyard | Entered Materials 552 | -10/Materials | Build established: Mutant 817 | -10/Materials | Discovered new exit (range 13) 907 | -10/Materials | Entered Mines 1109 | -10/Mines | Learned location of Zion (-7) 1126 | -10/Mines | Excavation squad dispatched 1126 | -10/Mines | A large section of the Mines collapsed 1232 | -10/Mines | Discovered new exit (range 15) 1401 | -10/Mines | Discovered new exit (range 10) 1404 | -10/Mines | Learned Materials terminal intel 1451 | -10/Mines | Core integrity fell below 50% 1473 | -10/Mines | Lost 3 parts (1p1n1w) 1503 | -10/Mines | Entered Materials 1503 | -9/Materials | Evolved 2 slots: Utility x1, Weapon x1 1504 | -9/Materials | Loaded intel: 9 terminal locations 1911 | -9/Materials | Build established: Scavenger-Skirmisher 2897 | -9/Materials | Discovered new exit (range 13) 3006 | -9/Materials | Entered Mines 3007 | -9/Mines | Met a Derelict testing a Signal Generator 3012 | -9/Mines | Found Signal Generator 3036 | -9/Mines | Assembled infested the area 3043 | -9/Mines | Met a Derelict bent on vengeance 3345 | -9/Mines | Discovered new exit (range 12) 3374 | -9/Mines | Entered Materials 3374 | -8/Materials | Accompanied by 2 allies 3374 | -8/Materials | Evolved 2 slots: Power x1, Propulsion x1 3379 | -8/Materials | Led the pair of lost Derelicts to an unsafe place 3803 | -8/Materials | Lost 3 parts (1p2n) 4231 | -8/Materials | Repaired Hcp. Storage Unit 4904 | -8/Materials | Discovered new exit (range 11) 4919 | -8/Materials | Entered Factory 4919 | -7/Factory | Evolved 2 slots: Propulsion x1, Utility x1 5022 | -7/Factory | Repaired Sensor Array 5066 | -7/Factory | Repaired Imp. Melee Analysis Suite? 5220 | -7/Factory | Build established: Scavenger-Sprinter 5434 | -7/Factory | Discovered new exit (range 16) 5592 | -7/Factory | Lost 7 parts (2n2u3w) 5633 | -7/Factory | Discovered new exit (range 14) 5666 | -7/Factory | Discovered new exit (range 16) 5685 | -7/Factory | Entered another Factory area 5685 | -6/Factory | Evolved 2 slots: Propulsion x2 5784 | -6/Factory | Build established: Mutant 5789 | -6/Factory | Fabricated Flight Unit (x2) 5902 | -6/Factory | Lost 4 parts (4n) 5975 | -6/Factory | Discovered new exit (range 7) 6002 | -6/Factory | Identified exit to Factory 6002 | -6/Factory | Entered another Factory area 6002 | -5/Factory | Evolved 2 slots: Utility x2 6374 | -5/Factory | Lost 7 parts (1p3n2u1w) 6402 | -5/Factory | Core integrity fell below 50% 6480 | -5/Factory | Discovered new exit (range 16) 6489 | -5/Factory | Identified exit to Extension 6490 | -5/Factory | Entered Extension 6730 | -5/Extension | Spotted B-75 Beast 6735 | -5/Extension | Spotted B-75 Beast 6738 | -5/Extension | Core integrity fell below 20% 6746 | -5/Extension | Destroyed by B-75 Beast with Magnetic Acceleration Cannon Last Messages --------------- 06649_ Acquired Hardlight Generator. 06666_ System corrupted: Matter fused (-5). Drag warning: You are moving via airborne propulsion while non-airborne propulsion attached, which reduces your speed. See your non-airborne propulsion's Drag stat. 06672_ Critical hit (Burn: +37). 06676_ Linear Gravjet destroyed. 06727_ System corrupted: Matter fused (-6). 06730_ Backup Propulsion I destroyed. 06737_ Knocked back. 06738_ Machine disabled. 06738_ Thunder Leg destroyed. 06738_ Slug penetrates Machine. 06739_ U-05 Engineer builds a Wall. 06740_ Field Propulsion Drive destroyed. 06740_ Knocked back. 06741_ Adv. Trap Extractor blasted off. 06741_ Knocked back. 06742_ Slug penetrates Wall. Map ----- +----------------------------------------------------+ | ?????????????????????????????????????????????????? | | ?????????????????????????????????????????????????? | | ?????????????????????????????????????????????????? | | ?????????????????????????????????????????????????? | | ?????????????????????????????????????????????????? | | ?????????????????????????????????????????????????? | | ?????????????????????????????????????????????????? | | ?????????????????????????????????????????????????? | | ?????????????????????????????????????????????????? | | ?????????????????????????????????????????????????? | | ?????????????????????????u???????????????????????? | | ????????????????????????? ???????????????????????? | | ????????????????????????? ???????????????????????? | | ????????????????????????? ???????????????????????? | | ????????????????????????? ???????????????????????? | | ?????????????? ?????????? ???????????????????????? | | ?????????????? ?????????? ???????????????????????? | | ?????????????? ?????????# #??????????????????????? | | ?????????????? ?????????# #??????????????????????? | | ?????????????? ?????????# #??????????????????????? | | ?????????????? ?????????# #??????????????????????? | | ?????????????# ?????????# #??????????????????????? | | ?????????????/ #????????# #??????????????????????? | | ?????????????# #????????# ??????????????????????? | | ?????????????# #????????#%#??????????????????????? | | ?????????????# #????????#@#??????????????????????? | | ?????????????# #????????# #??????????????????????? | | ?????????????# #?######?# #??????????????????????? | | ???????????### ### #" ### ;##????????????????????? | | ???????????#"" ""% % "" ""#????????????????????? | | ???????????# " ! " " #????????????????????? | | ??????????## % % #????????????????????? | | ??????????## R #????????????????????? | | ############ #????????????????????? | | % ?????????????????? | | ???????????????? | | ???????????????? | | ??????????????? | | % B ?????????????? | | ############ B #########????????????? | | ???????????# #????????????????????? | | ???????????# #????????????????????? | | ???????????# #????????????????????? | | ???????????# #????????????????????? | | ???????????######T#"""#######????????????????????? | | ?????????????????##??????????????????????????????? | | ?????????????????????????????????????????????????? | | | | | | | +----------------------------------------------------+ Best States ------------- Heat Dissipation 64 Coolant Potential 50 Energy Generation 23 Energy Capacity 335 Matter Stores 300 Matter Capacity 300 Sight Range 16 Robot Scan Range 14 Terrain Scan Density 210 Additional Mass Support 9 Resistance: KI 20 Resistance: TH 20 Resistance: EX 50 Evasion (%) 72 Targeting Accuracy 12 Recoil Reduction 3 Offensive Hacking 10 Trap Extractor Capacity 8 Item Schematics ----------------- Flight Unit | -8/Materials | Scanalyzed Robot Schematics ------------------ None Fabricated ------------ Flight Unit | x2 | -6/Factory Repaired ---------- Hcp. Storage Unit | 33% | -8/Materials Imp. Melee Analysis Suite | 46% | -7/Factory Studied --------- Flight Unit | -8/Materials | Hacked Lgt. Nuclear Core | -8/Materials | Hacked Alien Tech Used ----------------- None Achievements -------------- DATA ERROR: Steam Global Achievement% For Emergencies Only Heavy Suspicion I Have A Map? Item+ Just What I Needed Organ Harvest Overwhelming Serviceable Loadout There's More Where That Came From Tourist Challenges ------------ None Game ------ Seed ClaymoresGravjetAutogun Manual? 0 Play Time 02:05:24 Cumulative 7.5 hours Start 2026.08.05 @ 07:32:40 End 2026.08.05 @ 11:57:11 Sessions 6 Manual Loads 0 Difficulty Rogue Special Mode None Game No. 8 Rogue 8 Adventurer 0 Explorer 0 Win Type - Total 0 Types 0/0/0/0/0/0/0/0/0/0 Lore% 1 Gallery% 11 Achievement% 8 Wizard Run 0 Options --------- Layout 2 ASCII 0 Keyboard 0 Movement Mouse Keybinds 0 Fullscreen 1 Font 24/Smallcaps Map View 50x44 Zoom Use 0% Tactical HUD 1 Map Filters NONE Filters NONE Steam 1 RUN: 292c7294-8c28-4a8c-9b6b-1a1de0bd3efe